 Dungeon Crawl Stone Soup version 0.28.0-53-g5a82cb258f (webtiles) character file.

Game seed: 14530738421563295297

61 Jerry the Chucker (level 3, -8/35 HPs)
             Began as a Troll Hunter on June 22, 2022.
             Was an Initiate of Okawaru.
             Killed by divine providence
             ... invoked by an orc priest
              (15 damage)
             ... on level 3 of the Dungeon.
             The game lasted 00:07:35 (1937 turns).

Jerry the Chucker (Troll Hunter)                    Turns: 1937, Time: 00:07:35

Health: -8/35      AC:  4    Str: 20    XL:     3   Next: 83%
Magic:  2/2        EV: 10    Int:  7    God:    Okawaru [......]
Gold:   47         SH:  0    Dex: 12    Spells: 2/2 levels left

rFire   . . .      SeeInvis .   a - +0 short sword
rCold   . . .      Faith    .   (no shield)
rNeg    . . .      Spirit   .   b - +0 robe
rPois   +          Reflect  .   (helmet restricted)
rElec   .          Harm     .   (no cloak)
rCorr   .          Rampage  .   (gloves unavailable)
Will    +....                   (boots unavailable)
Stlth   +.........              r - amulet of regeneration
HPRegen 1.71/turn               o - ring of poison resistance
MPRegen 0.08/turn               s - ring of willpower

@: no status effects
A: large, unfitting armour, claws 3, regeneration 1, shaggy fur 1, tough skin 1
a: Renounce Religion


You were on level 3 of the Dungeon.
You worshipped Okawaru.
Okawaru was noncommittal.
You visited 1 branch of the dungeon, and saw 3 of its levels.

You collected 47 gold pieces.

Inventory:

Hand Weapons
 a - a +0 short sword (weapon)
 f - a +0 club
Missiles
 c - 5 large rocks (quivered)
 d - 2 throwing nets
 n - 8 poisoned darts
Armour
 b - a +0 robe (worn)
Jewellery
 g - a ring of ice
 o - a ring of poison resistance (left claw)
 r - an amulet of regeneration (around neck)
 s - a ring of willpower (right claw)
Scrolls
 e - a scroll of teleportation {unknown}
 h - 2 scrolls of torment {unknown}
 k - a scroll of silence {unknown}
 p - a scroll of magic mapping {unknown}
 q - a scroll of identify {unknown}
Potions
 i - 2 potions of curing {unknown}
 j - a potion of invisibility {unknown}
 l - a potion of brilliance {unknown}
 m - 2 potions of heal wounds {unknown}


   Skills:
 + Level 2.2 Fighting
 + Level 1.2 Maces & Flails
 + Level 4.0 Throwing
 + Level 2.2 Dodging
 - Level 0.3 Stealth
 + Level 0.0 Invocations


You had 2 spell levels left.
You didn't know any spells.
Your spell library was empty.

Dungeon Overview and Level Annotations

Branches:
Dungeon (3/15)

Altars:
Okawaru


Innate Abilities, Weirdness & Mutations

You are too large for most types of armour.
You have claws for hands.
Your natural rate of healing is unusually fast.
You are covered in fur. (AC +1)
You have tough skin. (AC +1)


Message History

s - a ring of willpower You start putting on your amulet.
You continue putting on your amulet of regeneration. x5
You finish putting on your amulet of regeneration.
The amulet throbs as it attunes itself to your uninjured body.
r - an amulet of regeneration (around neck)
o - a ring of poison resistance (left claw)
s - a ring of willpower (right claw)
You now have 47 gold pieces (gained 12).
An orc priest comes into view. It is wielding a +0 club.
Found 2 gold pieces.
The orc priest shouts!
An orc wizard comes into view. It is wielding a +0 dagger.
You start waiting.
An orc priest is nearby!
The orc priest mumbles some strange prayers to Beogh against you.
Beogh smites you! The orc priest closely misses you.
The orc wizard points at you and mumbles some strange words.
The puff of flame hits you!
You are too injured to fight recklessly!
You are too injured to fight recklessly!
You are too injured to fight recklessly!
You are too injured to fight recklessly!
You hit the orc priest.
The orc priest is lightly wounded.
The orc priest closely misses you.
The orc wizard mumbles some strange words.
The orc wizard flickers and vanishes!
Deactivating autopickup; reactivate with Ctrl-A.
You closely miss the orc priest.
The orc priest is lightly wounded.
The orc priest invokes the aid of Beogh against you.
Beogh smites you!
* * * LOW HITPOINT WARNING * * *
You hit the orc priest.
The orc priest is lightly wounded.
The orc priest mumbles some strange prayers to Beogh against you.
Beogh smites you!
You die...

#..........#...
#..............
##..<..........
##.............
########.........<....
......................
########..............
##########..............
.........@..............
##########o..........
#.#....... #.#...###.
#.#.#.# #......#
#..#.#.# ...#.# ..#.. #


You could see an orc priest.

Vanquished Creatures
  An adder (D:2)
  2 dart slugs (D:1)
  An orc (D:2)
  3 bats (D:1)
  6 endoplasms
  3 giant cockroaches
  4 hobgoblins
  A quokka (D:2)
  7 ball pythons
  6 frilled lizards (D:1)
  2 goblins
  7 kobolds
  4 rats
47 creatures vanquished.

Notes
Turn   | Place    | Note
-------+----------+-------------------------------------------
     0 | D:1      | Jerry the Troll Hunter began the quest for the Orb.
     0 | D:1      | Reached XP level 1. HP: 19/19 MP: 0/0
   140 | D:1      | Reached XP level 2. HP: 19/28 MP: 1/1
   605 | D:1      | Reached XP level 3. HP: 29/35 MP: 2/2
   794 | D:1      | Found a faded altar of an unknown god.
   900 | D:2      | Reached skill level 1 in Maces & Flails
  1045 | D:2      | Reached skill level 4 in Throwing
  1084 | D:2      | Found an iron altar of Okawaru.
  1817 | D:2      | Became a worshipper of Warmaster Okawaru
  1937 | D:3      | Killed from afar by an orc priest

Illustrated notes

Levels and vault maps discovered:
D:1:      minmay_arrival_loop, layout_loops_ring,
          shapermc_ecumenical_altar_petra, minmay_lizard_pond
D:2:      layout_basic, basic_altar
D:3:      layout_rooms, grunt_temple_overflow_cloverleaf, serial_shops, shop,
          minmay_unequal

Skill      XL: |  1  2  3 |
---------------+----------+-----
Dodging        | 2 |  2.2
Fighting       | 2 |  2.2
Maces & Flails | 1 |  1.2
Throwing       | 4 |  4.0
Stealth        | |  0.3

Action                   || total
-------------------------++-------
Melee: Short sword       ||   197
       Punch             ||     1
 Stab: Sleeping          ||     3
Armor: Robe              ||    67
Dodge: Dodged            ||   118
